 Dungeon Crawl Stone Soup version 0.28.0-53-g5a82cb258f (webtiles) character file.

Game seed: 16329278111400045918

78 Infinimo the Cudgeller (level 4, -1/48 HPs)
             Began as an Ogre Gladiator on May 27, 2022.
             Slain by a water moccasin (3 damage)
             ... on level 3 of the Dungeon.
             The game lasted 00:02:53 (2433 turns).

Infinimo the Cudgeller (Ogre Gladiator)             Turns: 2433, Time: 00:02:54

Health: -1/48      AC:  3    Str: 18    XL:     4   Next: 36%
Magic:  4/4        EV: 10    Int: 11    God:
Gold:   84         SH:  0    Dex: 10    Spells: 3/3 levels left

rFire   . . .      SeeInvis .   a - +0 flail
rCold   . . .      Faith    .   (no shield)
rNeg    . . .      Spirit   .   b - +0 robe
rPois   .          Reflect  .   c - +0 hat
rElec   .          Harm     .   (no cloak)
rCorr   .          Rampage  .   (gloves unavailable)
Will    .....                   (boots unavailable)
Stlth   +.........              (no amulet)
HPRegen 0.16/turn               (no ring)
MPRegen 0.09/turn               (no ring)

@: lethally poisoned (-1 -> -27)
A: large, unfitting armour, tough skin 1
a: no special abilities


You were on level 3 of the Dungeon.
You visited 1 branch of the dungeon, and saw 3 of its levels.

You collected 84 gold pieces.

Inventory:

Hand Weapons
 a - a +0 flail (weapon)
Missiles
 d - 3 throwing nets (quivered)
Armour
 b - a +0 robe (worn)
 c - a +0 hat (worn)
Potions
 g - a potion of curing
 h - a potion of flight
 j - a potion of lignification


   Skills:
 + Level 3.7 Fighting
 * Level 3.7 Maces & Flails
 - Level 2.0 Throwing
 + Level 3.2 Dodging


You had 3 spell levels left.
You didn't know any spells.
Your spell library contained the following spells:

 Spells                   Type           Power      Damage    Failure   Level
 Corpse Rot               Necr/Air       0%         N/A       47%         2
 Poisonous Vapours        Pois/Air       0%         N/A       47%         2
 Static Discharge         Conj/Air       0%         N/A       47%         2
 Dispel Undead            Necr           0%         3d6       98%         4
 Sticky Flame             Conj/Fire      0%         2d3       98%         4


Dungeon Overview and Level Annotations

Branches:
Dungeon (3/15)

Altars:

Shops:
D:1 (

Annotations:
D:3 Grinder


Innate Abilities, Weirdness & Mutations

You are too large for most types of armour.
You have tough skin. (AC +1)


Message History

A quokka is nearby!
A water moccasin comes into view.
The water moccasin hisses angrily.
You closely miss the quokka. Your punch misses the quokka.
The quokka closely misses you.
You miss the quokka.
The quokka bites you but does no damage.
The water moccasin bites you but does no damage.
The quokka barely misses you.
You hit the water moccasin.
The water moccasin is moderately wounded.
The water moccasin bites you.
You are poisoned.
The water moccasin poisons you! The quokka closely misses you.
The water moccasin bites you.
You are more poisoned.
The water moccasin poisons you!
You feel very sick.
You feel very sick. The quokka bites you.
You feel very sick.
You feel very sick.
You feel sick. The water moccasin misses you.
You feel sick.
You feel sick. The quokka closely misses you.
You feel sick. The water moccasin closely misses you.
You feel sick.
You feel better. The water moccasin bites you.
* * * LOW HITPOINT WARNING * * *
You are lethally poisoned!
The water moccasin poisons you! The water moccasin bites you.
* * * LOW HITPOINT WARNING * * *
You are more poisoned.
The water moccasin poisons you!
Unknown command.
You open the door.
* * * LOW HITPOINT WARNING * * *
You feel extremely sick. The water moccasin bites you.
You die...

#.# #......#
#.###.####...
#>.........#
###.###.###..#
###...###.####.#
#.'...+........#
#.#...###.####.#
#.#...###......########.
#.#...'@Sr..............
#.#...#########..?......
#.#...# #.........
#.#...# #.........
#.##### #......... #.#
####...### #.# ...# #.#
...# #.# ..#


You could see a water moccasin and a quokka.

Vanquished Creatures
  3 adders
  A dart slug (D:2)
  An orc (D:2)
  7 endoplasms
  A giant cockroach (D:2)
  2 hobgoblins
  8 jackals (D:2)
  A quokka (D:2)
  6 ball pythons
  4 bats
  2 frilled lizards
  4 goblins
  5 kobolds
  A rat (D:1)
46 creatures vanquished.

Vanquished Creatures (others)
  4 plants (D:3)
4 creatures vanquished.

Grand Total: 50 creatures vanquished

Notes
Turn   | Place    | Note
-------+----------+-------------------------------------------
     0 | D:1      | Infinimo the Ogre Gladiator began the quest for the Orb.
     0 | D:1      | Reached XP level 1. HP: 22/22 MP: 1/1
   197 | D:1      | Reached XP level 2. HP: 31/31 MP: 2/2
   350 | D:1      | Found a faded altar of an unknown god.
   382 | D:1      | Found Bodoimnebbo's Antique Weapon Emporium.
   790 | D:2      | Reached XP level 3. HP: 37/37 MP: 3/3
  1677 | D:3      | Reached XP level 4. HP: 37/46 MP: 4/4
  2151 | D:3      | Noticed Grinder
  2419 | D:3      | Noticed a water moccasin
  2433 | D:3      | HP: 2/48 [poisoned by a water moccasin]
  2433 | D:3      | Slain by a water moccasin

Illustrated notes

Levels and vault maps discovered:
D:1:      dpeg_arrival_boxorama, layout_rooms,
          hellmonk_ecumenical_altar_heavens_door, serial_shops, shop
D:2:      layout_loops_ring
D:3:      layout_basic, gammafunk_ghost_gnarly_gnolls, portal_sewer_entry_e,
          minmay_pentangle, uniq_grinder

Skill      XL: |  1  2 |
---------------+-------+-----
Fighting       | 3 |  3.7
Maces & Flails | 3 |  3.7
Dodging        | 3 |  3.2
Throwing       | |  2.0

Action                   |  1- 3 |  4- 6 || total
-------------------------+-------+-------++-------
Melee: Flail             |    94 |    39 ||   133
  Use: Scroll            |     2 |     3 ||     5
       Potion            |       |     2 ||     2
 Stab: Sleeping          |     1 |       ||     1
Armor: Robe              |    42 |     7 ||    49
Dodge: Dodged            |    67 |    25 ||    92
